Cogmind - Beta 16.1 @@@ ROGUE MODE // 2026.02.16 @ 18:13:28 Player: Hazmat Result: Destroyed by S-10 Pest with Light Assault Rifle Performance ------------- Evolutions (0) 0 Regions Visited (2) 400 Robots Destroyed (30) 150 Value Destroyed (520) 520 Prototype IDs (2) 40 Alien Tech Used (0) 0 Bonus (0) 0 TOTAL SCORE: 1110 Bonus ------- None Cogmind --------- Core Integrity 0/250 Matter 149/300 Energy 96/100 System Corruption 0% Temperature Cool (0) Movement Core (200) Ox3 Location -10/Subcaves Parts ------- > --- POWER (1) -------- (None) > --- PROPULSION (2) --- (None) > --- UTILITY (2) ------ Small Storage Unit Tractor Beam > --- WEAPON (2) ------- Light Cannon Light Cannon > --- INVENTORY (8) ---- Aluminum Leg Aluminum Leg Huge Storage Unit Sensor Array Signal Interpreter Light Cannon Light Cannon Datajack Peak State ------------ > --- POWER ------------ Ion Engine > --- PROPULSION ------- Aluminum Leg Aluminum Leg > --- UTILITY ---------- Small Storage Unit Improved Terrain Scanner > --- WEAPON ----------- Medium Laser Assault Rifle > --- INVENTORY -------- Light Ion Engine Aluminum Leg Terrain Scan Processor EM Pulse Gun Welding Torch [Rating: 9] Favorites ----------- Power Ion Engine Engine Ion Engine Propulsion Aluminum Leg Leg Aluminum Leg Utility Small Storage Unit Device Tractor Beam Storage Small Storage Unit Weapon Light Cannon Energy Gun Medium Laser Ballistic Gun Assault Rifle Ballistic Cannon Light Cannon Special Weapon Welding Torch Build | -11 -10 -10 ------- Run | Yrd Mat Sub Slots Evolved . | . . . Power . | . . . Propulsion . | . . . Utility . | . . . Weapon . | . . . Parts Attached 20 | 6 13 1 Power 2 | 1 1 . Engine 2 | 1 1 . Core . | . . . Reactor . | . . . Propulsion 7 | 2 4 1 Treads . | . . . Leg 7 | 2 4 1 Wheel . | . . . Hover . | . . . Flight . | . . . Utility 5 | 1 4 . Device 3 | . 3 . Storage 2 | 1 1 . Processor . | . . . Hackware . | . . . Protection . | . . . Artifact . | . . . Weapon 6 | 2 4 . Energy Gun 2 | 2 . . Energy Cannon . | . . . Ballistic Gun 1 | . 1 . Ballistic Cannon 2 | . 2 . Launcher . | . . . Special Weapon 1 | . 1 . Impact Weapon . | . . . Slashing Weapon . | . . . Piercing Weapon . | . . . Special Melee Weapon . | . . . Unidentified Prototypes . | . . . Parts Lost 9 | . 6 3 Power 2 | . 1 1 Propulsion 4 | . 2 2 Utility 2 | . 2 . Weapon 1 | . 1 . Highest Loss Streak 4 | . 4 2 To Critical Strikes . | . . . Average Backups 5 | . 5 8 Power . | . . . Propulsion 1 | . 1 2 Utility 1 | . 1 2 Weapon 1 | . 1 2 Tool/Special . | . . . Unused Backups 8 | . 2 6 Power 1 | . 1 . Propulsion . | . . . Utility 3 | . 1 2 Weapon 3 | . . 3 Tool/Special 1 | . . 1 Average Slot Usage (%) 94 | . 94 91 Engine 12 | . 13 7 Leg 27 | . 27 26 Device 10 | . 9 14 Storage 14 | . 14 14 Energy Gun 11 | . 12 . Ballistic Gun 3 | . 4 . Ballistic Cannon 12 | . 10 28 Peak Build Rating 9 | 6 9 8 Average Rating 6 | 5 6 6 On Entrance 4 | . 6 8 Avg Prop Armor Cover (%) . | . . . Naked Turns . | . . . Heaviest Build 92 | 14 92 17 Greatest Support 20 | 20 20 20 Greatest Overweight (x) 4 | 4 4 . Average Overweight (x) . | . . . Largest Inventory Capacity 25 | 8 25 25 Average Capacity 10 | 7 10 9 Most Carried 10 | 2 10 10 Average Carried 5 | . 5 8 Final Capacity 25 | 8 25 8 Final Carried 10 | 2 10 8 Class Distribution -------------------- 100% | Mutant Dominant Class ---------------- Mutant | -10/Materials Mutant | -10/Subcaves Resources | -11 -10 -10 ----------- Run | Yrd Mat Sub Matter Collected 752 | 228 375 149 Remotely 351 | . 202 149 Salvage Created 598 | . 547 51 Parts 49 | . 39 10 Haulers Intercepted 1 | . 1 . Recyclers Shooed 1 | . 1 . Parts Field Recycled . | . . . Retrieved Matter . | . . . Parts Self-Destructed 6 | . . 6 Prevented . | . . . Parts Restored . | . . . Kills | -11 -10 -10 ------- Run | Yrd Mat Sub Combat Hostiles Destroyed 22 | . 15 7 Guns 12 | . 12 . Cannons 9 | . 2 7 Classes Destroyed 8 | . 7 1 Builder 2 | . 2 . Tunneler 1 | . 1 . Hauler 1 | . 1 . Recycler 1 | . 1 . Watcher 3 | . 3 . Swarmer 14 | . 9 5 Grunt 6 | . 6 . Subdweller 2 | . . 2 Best Kill Streak 4 | . 4 3 Combat Bots Only 3 | . 3 3 Max Kills in Single Turn 2 | . 2 1 Gunslinging . | . . . Exploded . | . . . Melee . | . . . Uniques/NPCs Destroyed . | . . . Combat | -11 -10 -10 -------- Run | Yrd Mat Sub Hostile Shots Fired 139 | . 80 59 Missed 41 | . 18 23 Hits 98 | . 62 36 Projectile 98 | . 62 36 Critical Strikes 1 | . 1 . Damage Taken 1130 | . 638 492 Core 250 | . 161 89 Absorbed by Shields . | . . . Core Remaining (%) 100 | 100 . . Volleys Fired 104 | . 79 25 Largest 2 | . 2 2 Hottest 90 | . 90 60 Shots Fired 200 | . 150 50 Gun 90 | . 90 . Cannon 98 | . 48 50 Launcher . | . . . Special 12 | . 12 . Kinetic 136 | . 86 50 Thermal 60 | . 60 . Explosive . | . . . Electromagnetic 4 | . 4 . Robot Hit Streak 6 | . 6 5 Robot Miss Streak 6 | . 6 5 Penetration Max . | . . . Secondary Targets 1 | . 1 . Max Gunslinging Chain 1 | . 1 . Shots Hit Robots 98 | . 73 25 Core Hits 41 | . 31 10 Critical Kills . | . . . Critical Parts Destroyed . | . . . Critical Strikes . | . . . Melee Attacks . | . . . Impact . | . . . Slashing . | . . . Piercing . | . . . Sneak Attacks . | . . . Combat Hostiles . | . . . Follow-up Attacks . | . . . Damage Inflicted 1410 | . 993 417 Guns 687 | . 687 . Cannons 701 | . 284 417 Explosions . | . . . Melee . | . . . Ramming 2 | . 2 . Kinetic 1004 | . 587 417 Thermal 348 | . 348 . Explosive . | . . . Electromagnetic 56 | . 56 . Impact . | . . . Slashing . | . . . Piercing . | . . . Highest Corruption . | . . . Average Corruption . | . . . Corruption Purged . | . . . Corruption Blocked . | . . . Overload Shots . | . . . Overflow Damage 6 | . 6 . Projectiles 6 | . 6 . Explosions . | . . . Melee . | . . . Knockbacks 8 | . 3 5 Impact . | . . . Kinetic 8 | . 3 5 Secondary . | . . . Self-Inflicted Damage . | . . . Shots . | . . . Rammed . | . . . Targets Rammed 2 | . 2 . Kicked 2 | . 2 . Crushed . | . . . Highest Temperature 266 | . 266 . Average Temperature 55 | . 55 . Received Heat Transfer 228 | . 192 36 Effects 1 | . 1 . Energy Bleed 1 | . 1 . Siege Activations . | . . . Martial Activations . | . . . Shielding Activations . | . . . Robots Disrupted . | . . . Combat Hostiles . | . . . Robots Corrupted . | . . . Combat Hostiles . | . . . Parts Fried . | . . . Impact Corruptions . | . . . Robots Melted 1 | . 1 . Combat Hostiles 1 | . 1 . Parts Melted 4 | . 4 . Heat Transferred 1112 | . 1112 . Parts Sabotaged . | . . . Parts Stolen . | . . . Parts Stripped . | . . . Power Chain Reactions . | . . . Alert | -11 -10 -10 ------- Run | Yrd Mat Sub Maximum Alert Level . | . . . Low Security (%) 100 | 100 100 . Level 1 . | . . . Level 2 . | . . . Level 3 . | . . . Level 4 . | . . . Level 5 . | . . . High Security . | . . . Max Security . | . . . Peak Influence 98 | . 98 . Initial . | . . . Average 30 | . 31 . Influence Increases 543 | . 433 110 Destroy 0b10 Robot/C 400 | . 300 100 Destroy 0b10 Robot/NC 40 | . 40 . Destroy Leader 78 | . 68 10 Successful Hack 9 | . 9 . Disable Machine 15 | . 15 . Destroy Structure 1 | . 1 . Influence Decreases 513 | . 433 80 Time Decay 443 | . 373 70 Lost Part 70 | . 60 10 Squads Dispatched 2 | . 2 . Investigation 2 | . 2 . Extermination . | . . . Reinforcement . | . . . Assault . | . . . Garrison . | . . . Intercept . | . . . Searches Triggered . | . . . Construction Impeded . | . . . Haulers Reinforced . | . . . Active Scanning Responses . | . . . Cargo Convoy Interrupts . | . . . Stealth | -11 -10 -10 --------- Run | Yrd Mat Sub Distress Signals . | . . . Communications Jammed . | . . . Distress Signals . | . . . Times Spotted 30 | . 21 9 Peak Tracking Total 3 | . 3 3 Tactical Retreats . | . . . Traps | -11 -10 -10 ------- Run | Yrd Mat Sub Traps Triggered 4 | . 1 3 Indirectly . | . . . Trap Hack Attempts . | . . . Triggered . | . . . Disarmed . | . . . Reprogrammed . | . . . Reused . | . . . Traps Extracted . | . . . Installed . | . . . Triggered . | . . . Machines | -11 -10 -10 ---------- Run | Yrd Mat Sub Machines Disabled 2 | . 2 . Max in Single Turn 1 | . 1 . Machines Repaired . | . . . Machines Dismantled . | . . . Machines Sabotaged . | . . . Overloaded Fab Kills . | . . . Hacking | -11 -10 -10 --------- Run | Yrd Mat Sub Machines Accessed 7 | . 7 . Terminals 6 | . 6 . Fabricators . | . . . Repair Stations . | . . . Recycling Units 1 | . 1 . Scanalyzers . | . . . Garrison Access . | . . . Total Hacks 17 | . 17 . Successful 7 | . 7 . Failed 10 | . 10 . Catastrophic 3 | . 3 . Database Lockouts . | . . . Manual 7 | . 7 . Terminals 15 | . 15 . Fabricators . | . . . Repair Stations . | . . . Recycling Units 2 | . 2 . Scanalyzers . | . . . Garrison Access . | . . . Terminal Hacks 5 | . 5 . Prototype ID Bank 1 | . 1 . Terminal Index 1 | . 1 . Alert Level 1 | . 1 . Dispatch Records 1 | . 1 . Garrison Status 1 | . 1 . Fabricator Hacks . | . . . Repair Station Hacks . | . . . Recycling Unit Hacks . | . . . Scanalyzer . | . . . Garrison Access Hacks . | . . . Unauthorized Hacks . | . . . Terminals . | . . . Fabricators . | . . . Repair Stations . | . . . Recycling Units . | . . . Scanalyzers . | . . . Garrison Access . | . . . Data Cores Recovered . | . . . Used . | . . . Hacking Detections 7 | . 7 . Full Trace Events 1 | . 1 . Feedback Events . | . . . Feedback Blocked . | . . . Robot Schematics Acquired . | . . . Robots Built . | . . . Authchips . | . . . Time . | . . . Total Robot Build Rating . | . . . Part Schematics Acquired . | . . . Parts Built . | . . . Authchips . | . . . Time . | . . . Total Part Build Rating . | . . . Part Studies Acquired . | . . . Parts Repaired . | . . . Time . | . . . Parts Recycled . | . . . Recycled Matter . | . . . Retrieved Matter . | . . . Retrieved Components . | . . . Parts Scanalyzed . | . . . Part Schematics Acquired . | . . . Parts Damaged . | . . . Bothacking | -11 -10 -10 ------------ Run | Yrd Mat Sub Used RIF Installer . | . . . Robots Hacked . | . . . Non-combat . | . . . Combat . | . . . Robot Hacks Applied . | . . . Relay Couplers Released . | . . . Fabnet Peak Effective % . | . . . Robots Rewired . | . . . Allies Hacked . | . . . Hacks Repelled . | . . . Allies | -11 -10 -10 -------- Run | Yrd Mat Sub Total Allies . | . . . Largest Group . | . . . Highest-Rated Group . | . . . Highest-Rated Ally . | . . . Total Orders . | . . . Ally Attacks . | . . . Total Damage . | . . . Kills . | . . . Allies Corrupted . | . . . Allies Melted . | . . . Intel | -11 -10 -10 ------- Run | Yrd Mat Sub Active Infowar (turns) 506 | . 506 . Terrain 46 | . 46 . Structural 460 | . 460 . Robot Analysis Total . | . . . Derelict Logs Recovered . | . . . Drone Launches . | . . . Drone Recoveries . | . . . Exploration | -11 -10 -10 ------------- Run | Yrd Mat Sub Turns Passed 1639 | 73 1381 185 Spaces Moved 828 | 45 702 81 Core 12 | 9 3 . Treads . | . . . Legs 816 | 36 699 81 Wheels . | . . . Hover . | . . . Flight . | . . . Fastest Speed 50 | 50 120 120 Average Speed 137 | 138 139 120 Slowest Speed 400 | 250 400 120 Overloaded Moves . | . . . Propulsion Burnouts . | . . . Robots Hopped . | . . . Potential Cave-ins . | . . . Cave-ins Triggered . | . . . Exploration Rate (%) 36 | 3 98 7 Regions Visited 2 Branch Regions 1 Pre-discovered Areas . | . . . Known Exits Taken . | . . . Unknown Exits Taken 2 | 1 1 . Scrap Searched . | . . . Spaces Dug . | . . . Terrain Destroyed . | . . . Melee . | . . . Projectile . | . . . AOE . | . . . Terrain Rammed . | . . . Walls Destroyed . | . . . Machines Disabled . | . . . Actions | -11 -10 -10 --------- Run | Yrd Mat Sub Total 1119 | 52 950 117 Wait 131 | . 129 2 Move 826 | 44 701 81 Hop . | . . . Pick Up 20 | 2 16 2 Fast Attach 10 | 6 4 . Attach 6 | . 6 . Detach 1 | . 1 . Swap 8 | . 5 3 Drop 11 | . 7 4 Fire 104 | . 79 25 Melee . | . . . Ram . | . . . Kick 2 | . 2 . Crush . | . . . Escape Stasis . | . . . Rewire . | . . . Trap . | . . . Miscellaneous . | . . . Route ------- -11/Scrapyard -10/Materials (discovered 6 exits: [*Mat x3] / [*Min x2] / [*Sub]) -10/Subcaves History --------- Turn | Location | Event 17 | -11/Scrapyard | Discovered new exit (range 16) 74 | -11/Scrapyard | Entered Materials 180 | -10/Materials | Discovered new exit (range 14) 269 | -10/Materials | Discovered new exit (range 11) 302 | -10/Materials | Build established: Mutant 536 | -10/Materials | Discovered new exit (range 16) 635 | -10/Materials | Discovered new exit (range 15) 785 | -10/Materials | Core integrity fell below 50% 813 | -10/Materials | Lost 4 parts (2n1u1w) 827 | -10/Materials | Discovered new exit (range 10) 1130 | -10/Materials | Discovered new exit (range 15) 1455 | -10/Materials | Entered Subcaves 1577 | -10/Subcaves | Core integrity fell below 20% 1640 | -10/Subcaves | Destroyed by S-10 Pest with Light Assault Rifle Last Messages --------------- 01558_ Triggered Piercing Trap. 01558_ Spikes shoot up from the floor. 01558_ Critical hit (Impale). 01559_ Acquired 11 matter. 01563_ Acquired 40 matter. 01563_ Acquired 4 matter. 01564_ Acquired 25 matter. 01565_ Acquired 8 matter. 01573_ Triggered Piercing Trap. 01573_ Spikes shoot up from the floor. 01573_ Critical hit (Impale). 01576_ Triggered Piercing Trap. 01576_ Spikes shoot up from the floor. 01576_ Critical hit (Impale). 01628_ S-10 Pest knocked back. 01630_ Aluminum Leg destroyed. 01634_ S-10 Pest destroyed. 01635_ Acquired 1 matter. 01635_ Acquired 2 matter. 01637_ S-10 Pest destroyed. Map ----- +----------------------------------------------------+ | ?????????????????????????????????????????? | | ?????????????????????????????????????????? | | ?????????????????????????????????????????? | | ?????????????????????????????????????????? | | ?????????????????????????????????????????? | | ?????????????????????????????????????????? | | ?????????????????????????????????????????? | | ?????????????????????????????????????????? | | ?????????????????????????????????????????? | | ?????????????????????????????????????????? | | ?????????????????????????????????????????? | | ?????????????????????????????????????????? | | ????????????????????????#????????????????? | | ??????????????????????? ????????????????? | | ??????????????????????# ##???????????????? | | ?????????????????????? #???????????????? | | ????????????????????? s ????????????????? | | ????????????????###?? ?????????????????? | | ???????????????? ### #?????????????????? | | ???????????????? %=% #?????????????????? | | ????????????????# = #?????????????????? | | ???????????????## ??????????????????? | | ???????????????? [ ???????????????????? | | ????????????????# #????????????????????? | | ????????????????# #?????????????????????? | | ????????????????#@ ####??????????????????? | | ????????????????# ##?????????????????? | | ????????????????## #?????????????????? | | ?????????????????# ###?????????????????? | | ?????????????????# ####?????????????????? | | ????????????????## # #?????????????????? | | ????????????????# #?????????????????? | | ????????????????## # ####??????????????? | | ????????????????# ##?????????????? | | ????????????????## ##????????????? | | ??????????????#### ####?????????? | | ??????????????# ####??????? | | ??????????????## ##"" ##?????? | | ???????????????## #?" #?????? | | ????????????????# ###??# "" #?????? | | ????????????????# ##?????# #??????? | | ????????????????# ##???????# ! #???????? | | ????????????????## #????????# =##??????? | | ????????????????# #????????##] #??????? | | ????????????????# ##??????## ^##??????? | | ????????????????## #??????# #??????? | | ????????????????# ####???## ^ ##?????? | | ????????????????## #?### ^ ^ #?????? | | ?????????????????# ### ##" #?##### | | ?????????????????##### ###" #?# # # | +----------------------------------------------------+ Best States ------------- Heat Dissipation 25 Energy Generation 10 Energy Capacity 250 Matter Stores 300 Matter Capacity 300 Sight Range 16 Terrain Scan Range 16 Terrain Scan Density 10 Evasion (%) 55 Item Schematics ----------------- None Robot Schematics ------------------ None Fabricated ------------ Nothing Repaired ---------- Nothing Studied --------- None Alien Tech Used ----------------- None Achievements -------------- None Challenges ------------ None Game ------ Seed CoreInsulatedEdition Manual? 0 Play Time 00:20:32 Cumulative 22.6 hours Start 2026.02.16 @ 17:55:03 End 2026.02.16 @ 18:13:28 Sessions 1 Manual Loads 0 Difficulty Rogue Special Mode None Game No. 27 Rogue 27 Adventurer 0 Explorer 0 Win Type - Total 0 Types 0/0/0/0/0/0/0/0/0/0 Lore% 20 Gallery% 20 Achievement% 18 Wizard Run 0 Options --------- Layout 1 ASCII 0 Keyboard 0 Movement Mouse Keybinds 0 Fullscreen 1 Font 32/SmallcapsGlow Map View 77x35 Zoom Use 0% Tactical HUD 1 Map Filters NONE Filters NONE Steam 1 RUN: ed33af4f-0867-4561-be97-f7888afb261b